 Dungeon Crawl Stone Soup version 0.31-a0-1099-g7fa767f3fe (webtiles) character file.

Game seed: 12886998757277080463

28 Azuregosa the Gusty (level 2, -1/11 HPs)
             Began as a Felid Air Elementalist on Dec 1, 2023.
             Killed from afar by Jessica (12 damage)
             ... with a puff of flame
             ... on level 2 of the Dungeon.
             The game lasted 00:07:12 (1335 turns).

Azuregosa the Gusty (Felid Air Elementalist)        Turns: 1335, Time: 00:07:17

Health: -1/11      AC:  1    Str:  4    XL:     2   Next: 96%
Magic:  6/6        EV: 22    Int: 16    God:
Gold:   64         SH:  0    Dex: 16    Spells: 3/6 levels left
                                        Lives:  0   Deaths: 1

rFire   . . .        (weapon unavailable)
rCold   . . .        (shield unavailable)
rNeg    + . .        (body armour unavailable)
rPois   .            (helmet unavailable)
rElec   .            (cloak unavailable)
rCorr   .            (gloves unavailable)
SInv    +            (boots unavailable)
Will    .....        i - amulet of magic regeneration
Stlth   ++           c - +5 ring of evasion
HPRegen 0.21/turn    h - ring of positive energy
MPRegen 0.50/turn

%: no passive effects
@: very slightly contaminated, quick
A: very small, claws 1, fangs 3, see invisible, speed 1, shaggy fur 1, stealthy
paws, no weapons or thrown items, no armour, multi-lived
a: no special abilities


You were on level 2 of the Dungeon.
You visited 1 branch of the dungeon, and saw 2 of its levels.

You collected 64 gold pieces.

Inventory:

Missiles
 e - 2 poisoned darts
 f - 2 curare-tipped darts
 g - 14 stones
Jewellery
 c - a +5 ring of evasion (left paw)
 h - a ring of positive energy (right paw)
 i - an amulet of magic regeneration (around neck)
Scrolls
 b - a scroll of blinking {unknown}
 d - a scroll of vulnerability {unknown}
 l - a scroll of identify {unknown}
Potions
 a - a potion of magic
 j - 2 potions of curing {unknown}
 k - a potion of heal wounds {unknown}


   Skills:
 - Level 2.6 Dodging
 - Level 2.6 Stealth
 + Level 2.5 Spellcasting
 + Level 1.6 Conjurations
 + Level 3.1 Air Magic


You had 3 spell levels left.
You knew the following spells:

 Your Spells              Type           Power      Damage    Failure   Level
a - Shock                 Conj/Air       36%        1d5       8%          1
b - Static Discharge      Conj/Air       18%        3-4/arc   12%         2

Your spell library contained the following spells:

 Spells                   Type           Power      Damage    Failure   Level
 Magic Dart               Conj           28%        1d4       10%         1
 Swiftness                Air            11%        N/A       17%         3
 Call Imp                 Summ           4%         N/A       30%         2
 Mephitic Cloud           Conj/Pois/Air  7%         N/A       30%         3
 Airstrike                Air            5%         2d(1-17)  50%         4


Dungeon Overview and Level Annotations

Branches:
Dungeon (2/15)

Altars:

Shops:
D:2 *!

Annotations:
D:2 Jessica


Innate Abilities, Weirdness & Mutations

You have sharp claws.
You have razor-sharp teeth.
You have supernaturally acute eyesight. (SInv)
You cover ground quickly. (Speed+)
You are covered in fur. (AC +1)
Your paws help you pounce on unaware monsters.
You are incapable of wielding weapons or throwing items.
You cannot wear armour.
You gain extra lives every three experience levels.


Message History

Aim: a dart slug (heavily wounded, 100% to hit)
The zap hits the dart slug.
You kill the dart slug!
Jessica the Apprentice Sorceress comes into view.
She is wielding a +6 club and carrying a wand of flame.
Casting: Shock (safe; 8% risk of failure)
Confirm with . or Enter, or press ? or * to list all spells.
Aiming: Shock (safe; 8% risk of failure)
Press: ? - help, Shift-Dir - straight line
Okay, then.
Unknown command.
There is an open door here.
Found a leather armour.
Jessica shouts!
You see here a dart slug corpse.
Jessica zaps a wand.
The puff of flame hits you!
Ouch! That really hurt!
You see here a +0 dagger.
Jessica gestures wildly.
Casting: Shock (safe; 8% risk of failure)
Confirm with . or Enter, or press ? or * to list all spells.
Jessica is struck by an arc of lightning.
Jessica is moderately wounded.
You are struck by an arc of lightning.
* * * LOW HITPOINT WARNING * * *
The lightning grounds out.
Jessica gestures wildly.
Jessica hits you with a +6 club.
You die...
You rejoin the land of the living...
You see here a +0 dagger.
You see here a +0 dagger.
Casting: Static Discharge (safe; 12% risk of failure)
Confirm with . or Enter, or press ? or * to list all spells.
Aiming: Shock (safe; 8% risk of failure)
Press: ? - help, Shift-Dir - straight line You miscast Shock.
You are very lightly contaminated with residual magic.
Nothing appears to happen.
Jessica zaps a wand.
The puff of flame hits you!
Ouch! That really hurt!
You die...

###.###........... #....#'
#.# #.......[... #.#....
#.# #........... #.#...#
#.# ###+####+########.#.#.#
#.# #.# #.# #........#.#
#.# #.# #.# #.####)#.#.#
#.# #.# ##@###.####.#.#.#
#.# #.###.............#.#
#.# #..)@..†........#.#.#
#.############...####.#.#.#
#.......................#
#########.####..........#
#.# ############ #.# #.#
#.# ###


You could see Jessica.

Vanquished Creatures
  2 dart slugs
  2 bats
  2 endoplasms
  2 goblins
  A hobgoblin (D:1)
  4 jackals
  3 kobolds
  2 ball pythons (D:1)
  2 rats
20 creatures vanquished.

Notes
Turn   | Place    | Note
-------+----------+-------------------------------------------
     0 | D:1      | Azuregosa the Felid Air Elementalist began the quest for
                  | the Orb.
     0 | D:1      | Reached XP level 1. HP: 7/7 MP: 4/4
    16 | D:1      | Reached skill level 1 in Conjurations
   283 | D:1      | Reached XP level 2. HP: 11/11 MP: 0/6
   394 | D:1      | Learned a level 2 spell: Static Discharge
   755 | D:1      | Reached skill level 3 in Air Magic
  1125 | D:2      | Found Dathoh's Assorted Antiques.
  1127 | D:2      | Found Fakhlu's Distillery.
  1296 | D:2      | Noticed Jessica
  1322 | D:2      | Slain by Jessica
  1335 | D:2      | Killed from afar by Jessica

Illustrated notes

Levels and vault maps discovered:
D:1:      dpeg_arrival_central, layout_basic, minmay_surrounded
D:2:      layout_basic, serial_shops, shop, shop, shop,
          nicolae_shop_real_fake_doors, shop, uniq_jessica, uniq_natasha

Skill      XL: |  1  2 |
---------------+-------+-----
Conjurations   | 1 |  1.6
Air Magic      | 3 |  3.1
Dodging        | |  2.6
Stealth        | |  2.6
Spellcasting   | |  2.5

Action                     || total
---------------------------++-------
  Melee: Unarmed           ||     2
         Punch             ||     1
   Cast: Shock             ||    44
         Static Discharge  ||     3
   Stab: Sleeping          ||     1
 Armour: Skin              ||     8
  Dodge: Dodged            ||    19

Table legend: (Time is in decaauts)
 A = Elapsed time spent in this place.
 B = Non-inter-level travel time spent in this place.
 C = Inter-level travel time spent in this place.
 D = Time resting spent in this place.
 E = Time spent auto-exploring this place.
 F = Levels seen in this place.
 G = Mean time per level.
                   A        B        C        D        E       F      G
               +--------+--------+--------+--------+--------+-----+--------+
         Total |   1148 |   1136 |     12 |    229 |    653 |   2 |  574.0 |
       Dungeon |   1148 |   1136 |     12 |    229 |    653 |   2 |  574.0 |
               +--------+--------+--------+--------+--------+-----+--------+

Top non-repeatable levels by time:
     D:1: 952 daAuts
     D:2: 195 daAuts
